 Dungeon Crawl Stone Soup version 0.23.2 (webtiles) character file.

Game seed: 14712501796952154219

38 dvd the Charlatan (level 3, -3/29 HPs)
             Began as a Minotaur Artificer on Apr 2, 2019.
             Killed from afar by Natasha (11 damage)
             ... with a magic dart
             ... on level 2 of the Dungeon.
             The game lasted 00:02:34 (1071 turns).

dvd the Charlatan (Minotaur Artificer)              Turns: 1071, Time: 00:02:34

Health: -3/29      AC:  5    Str: 16    XL:     3   Next: 25%
Magic:  4/4        EV: 11    Int:  8    God:
Gold:   43         SH:  0    Dex: 11    Spells: 2/2 levels left

rFire    . . .     SeeInvis .   g - +0 whip
rCold    . . .     Gourm    .   (no shield)
rNeg     . . .     Faith    .   n - +0 ring mail
rPois    .         Spirit   .   (helmet restricted)
rElec    .         Reflect  .   (no cloak)
rCorr    .         Harm     .   (no gloves)
MR       .....                  (no boots)
Stlth    +.........             (no amulet)
HPRegen  0.09/turn              (no ring)
MPRegen  0.09/turn              (no ring)

@: slowed, very slow
A: retaliatory headbutt, horns 2
a: no special abilities


You were on level 2 of the Dungeon.
You were hungry.

You visited 1 branch of the dungeon, and saw 2 of its levels.

You collected 43 gold pieces.

Inventory:

Hand Weapons
 a - a +0 short sword
 g - a +0 whip (weapon)
 i - a +0 spear
Armour
 b - a +0 leather armour
 j - a +0 chain mail
 n - a +0 ring mail (worn)
Wands
 c - a wand of flame (13)
 d - a wand of enslavement (9)
 e - a wand of random effects (6)
Scrolls
 k - a scroll of identify {unknown}
 l - a scroll of noise {unknown}
 m - a scroll of teleportation {unknown}
 p - a scroll of immolation {unknown}
Potions
 h - a potion of degeneration {unknown}
Comestibles
 f - 2 rations


   Skills:
 + Level 2.0 Fighting
 + Level 1.1 Short Blades
 + Level 0.9 Maces & Flails
 + Level 2.9 Dodging
 + Level 0.7 Stealth
 + Level 3.2 Evocations


You had 2 spell levels left.
You didn't know any spells.
Your spell library was empty.

Dungeon Overview and Level Annotations

Branches:
Dungeon (2/15)

Altars:

Annotations:
D:2 Natasha


Innate Abilities, Weirdness & Mutations

You reflexively headbutt those who attack you in melee.
You have a pair of horns on your head.


Message History

Natasha casts a spell at you.
You feel as though you will be slow longer.
The white imp hits you but does no damage.
Natasha claws you.
* * * LOW HITPOINT WARNING * * *
You feel better. The bat barely misses you. The white imp barely misses you.
Natasha barely misses you.
The white imp picks up a beetle and eats it.
The white imp hits you but does no damage.
Unknown command.
You closely miss Natasha.
Natasha is heavily wounded.
The bat barely misses you. You furiously retaliate!
You headbutt the bat.
You kill the bat!
Natasha barely misses you. The white imp barely misses you.
You furiously retaliate!
You headbutt the white imp, but do no damage.
Natasha stares at you and mumbles some strange words.
The magic dart hits you!
You die...

.(.......!....
?............
........!... ....
..>........... .....
.........<.. .....###...
..... .......#.. #)h#
....#...####@.#
##.........5.##
##.............##
##........(......#
#.....<..........#
#........<........######
#.#....................#
#.....>.............##
#...............#####


You could see Natasha and a white imp.

Vanquished Creatures
  An adder (D:2)
  An ooze (D:1)
  A leopard gecko (D:1)
  3 goblins (D:1)
  2 hobgoblins
  6 jackals (D:1)
  2 bats
  A frilled lizard (D:1)
  4 rats (D:1)
21 creatures vanquished.

Vanquished Creatures (collateral kills)
  A jackal (D:2)
1 creature vanquished.

Vanquished Creatures (others)
  A goblin (D:2)
  A hobgoblin (D:2)
  2 jackals (D:2)
4 creatures vanquished.

Grand Total: 26 creatures vanquished

Notes
Turn   | Place    | Note
-------+----------+-------------------------------------------
     0 | D:1      | dvd the Minotaur Artificer began the quest for the Orb.
     0 | D:1      | Reached XP level 1. HP: 16/16 MP: 1/1
   446 | D:1      | Reached skill level 3 in Evocations
   502 | D:1      | Reached XP level 2. HP: 17/23 MP: 3/3
  1012 | D:2      | Reached XP level 3. HP: 27/29 MP: 4/4
  1049 | D:2      | Noticed Natasha
  1069 | D:2      | HP: 1/29 [Natasha (6)]
  1071 | D:2      | Killed from afar by Natasha

Skill      XL: |  1  2 |
---------------+-------+-----
Evocations     | 3 |  3.2
Fighting       | 2 |  2.0
Short Blades   | |  1.1
Maces & Flails | |  0.9
Dodging        | |  2.9
Stealth        | |  0.7

Action                   || total
-------------------------++-------
Melee: Whip              ||    60
       Headbutt          ||     9
Evoke: Wand              ||    17
  Use: Potion            ||     1
 Stab: Paralysed         ||     3
Armor: Leather armour    ||    11
       Chain mail        ||    15
       Ring mail         ||    11
Dodge: Dodged            ||    39
